 Dungeon Crawl Stone Soup version 0.32-a0-799-g95e1662365 (webtiles) character file.

Game seed: 10088069559423827513

65 javelincjr the Caller (level 3, 0/26 HPs)
             Began as a Mountain Dwarf Summoner on Mar 21, 2024.
             Succumbed to an adder's poison
             ... on level 1 of the Dungeon.
             The game lasted 00:06:04 (1533 turns).

javelincjr the Caller (Mountain Dwarf Summoner)     Turns: 1533, Time: 00:06:05

Health: 0/26       AC:  3    Str: 10    XL:     3   Next: 92%
Magic:  2/6        EV: 10    Int: 15    God:
Gold:   72         SH:  0    Dex: 10    Spells: 0/6 levels left

rFire   . . .        l - +0 spear
rCold   . . .        (no shield)
rNeg    . . .        c - +0 leather armour
rPois   .            (no helmet)
rElec   .            (no cloak)
rCorr   .            (no gloves)
SInv    .            (no boots)
Will    +....        (no amulet)
Stlth   +            d - ring of flight
HPRegen 0.24/turn    (no ring)
MPRegen 0.10/turn

%: no passive effects
@: lethally poisoned (0 -> -2), attractive, enlightened, flying, hasted, very
quick
A: runic magic, artefact enchanting, hooves 1, dopey 1
a: no special abilities


You were on level 1 of the Dungeon.
You visited 1 branch of the dungeon, and saw 2 of its levels.

You collected 72 gold pieces.

Inventory:

Hand Weapons
 l - a +0 spear (weapon)
Missiles
 e - 12 poisoned darts
Armour
 a - a +0 robe
 c - a +0 leather armour (worn)
Jewellery
 d - a ring of flight (left hand)
Scrolls
 g - 2 scrolls of enchant weapon {unknown}
 h - 3 scrolls of identify {unknown}
 j - a scroll of brand weapon {unknown}
Potions
 b - a potion of magic
 f - a potion of enlightenment
 i - a potion of mutation


   Skills:
 + Level 1.1 Armour
 + Level 1.8 Dodging
 + Level 1.8 Stealth
 * Level 2.3 Spellcasting
 * Level 4.5 Summonings


You couldn't memorise any spells.
You knew the following spells:

 Your Spells              Type           Power      Damage    Failure   Level
a - Summon Small Mammal   Summ           60%        N/A       3%          1
b - Call Imp              Summ           30%        N/A       5%          2
c - Call Canine Familiar  Summ           15%        N/A       11%         3

Your spell library contained the following spells:

 Spells                   Type           Power      Damage    Failure   Level
 Frozen Ramparts          Ice            2%         1d1       56%         3
 Ozocubu's Armour         Ice            1%         N/A       56%         3
 Summon Blazeheart Golem  Fire/Summ      8%         N/A       65%         4
 Summon Lightning Spire   Summ/Air       8%         N/A       65%         4
 Metabolic Englaciation   Hex/Ice        0%         N/A       99%         5


Dungeon Overview and Level Annotations

Branches:
Dungeon (2/15)

Altars:


Innate Abilities, Weirdness & Mutations

Your spellcasting is much less encumbered by armour.
You can use scrolls of enchantment on lesser artefacts.
You have large cloven feet.
You are dopey. (Int -2)


Message History

* * * LOW HITPOINT WARNING * * *
Your cerulean imp closely misses the adder.
The goblin closely misses you.
You completely miss the adder.
The adder is heavily wounded.
You feel sick.
You are no longer poisoned.
The adder barely misses you.
Your cerulean imp barely misses the adder.
The goblin hits you but does no damage. The adder barely misses you.
You hit the adder.
The adder is almost dead.
The adder bites you.
* * * LOW HITPOINT WARNING * * *
You are lethally poisoned!
The adder poisons you!
Your cerulean imp hits the adder with a -3 spear.
The adder dies!
The goblin hits you but does no damage.
It was a potion of enlightenment.
You feel more buoyant.
* * * LOW HITPOINT WARNING * * *
You feel sick.
Your cerulean imp completely misses the goblin.
The goblin hits you with a +0 club.
* * * LOW HITPOINT WARNING * * *
It was a potion of mutation.
You feel extremely strange.
You feel stupid.
Your feet thicken and deform.
* * * LOW HITPOINT WARNING * * *
You feel sick.
Your cerulean imp barely misses the goblin.
The goblin closely misses you.
It was a potion of attraction.
You feel attractive to monsters.
* * * LOW HITPOINT WARNING * * *
You feel sick.
Your cerulean imp closely misses the goblin.
The goblin barely misses you.
It was a potion of haste.
You feel yourself speed up.
You die...

##################
..............5.@#
#####.#####....g##
...##.# #.#####
...##.#####.###
...##.........#
...######...#.#
...# ####.###.#
#### #....# #.#
##.######.#


You could see a goblin (ally target) and a friendly cerulean imp (summoned).

Vanquished Creatures
  An adder (D:2)
  A ball python (D:1)
  2 endoplasms (D:2)
  2 goblins (D:1)
  2 hobgoblins (D:1)
  2 rats (D:1)
10 creatures vanquished.

Vanquished Creatures (collateral kills)
  2 adders
  A dart slug (D:1)
  2 bats (D:1)
  5 endoplasms
  A giant cockroach (D:1)
  2 hobgoblins (D:1)
  A quokka (D:1)
  2 ball pythons
  A frilled lizard (D:1)
  2 goblins (D:1)
  5 kobolds (D:1)
  A rat (D:1)
25 creatures vanquished.

Grand Total: 35 creatures vanquished

Notes
Turn   | Place    | Note
-------+----------+-------------------------------------------
     0 | D:1      | javelincjr the Mountain Dwarf Summoner began the quest for
                  | the Orb.
     0 | D:1      | Reached XP level 1. HP: 14/14 MP: 3/3
   253 | D:1      | Reached XP level 2. HP: 20/20 MP: 3/5
   256 | D:1      | Learned a level 2 spell: Call Imp
   986 | D:1      | Reached XP level 3. HP: 21/26 MP: 1/6
  1074 | D:1      | Learned a level 3 spell: Call Canine Familiar
  1385 | D:2      | Reached skill level 1 in Armour
  1531 | D:1      | Gained mutation: You are dopey. (Int -2) [potion of
                  | mutation]
  1531 | D:1      | Gained mutation: You have large cloven feet. [potion of
                  | mutation]
  1531 | D:1      | HP: 1/26 [poisoned by an adder]
  1533 | D:1      | Succumbed to an adder's poison

Illustrated notes

Levels and vault maps discovered:
D:1:      lemuel_arrival_hallway, layout_basic
D:2:      layout_rooms

Skill      XL: |  1  2  3 |
---------------+----------+-----
Spellcasting   | 2 |  2.3
Armour         | 1 |  1.1
Dodging        | |  1.8
Stealth        | |  1.8
Summonings     | |  4.5

Action                     || total
---------------------------++-------
  Melee: Unarmed           ||    40
         Spear             ||    27
   Cast: Summon Small Mamm ||    31
         Call Imp          ||    21
    Use: Potion            ||     4
   Stab: Distracted        ||     2
         Sleeping          ||     1
 Armour: Leather armour    ||    54
  Dodge: Dodged            ||    51

Table legend: (Time is in decaauts)
 A = Elapsed time spent in this place.
 B = Non-inter-level travel time spent in this place.
 C = Inter-level travel time spent in this place.
 D = Time resting spent in this place.
 E = Time spent auto-exploring this place.
 F = Levels seen in this place.
 G = Mean time per level.
                   A        B        C        D        E       F      G
               +--------+--------+--------+--------+--------+-----+--------+
         Total |   1535 |   1519 |     16 |     12 |   1127 |   2 |  767.5 |
       Dungeon |   1535 |   1519 |     16 |     12 |   1127 |   2 |  767.5 |
               +--------+--------+--------+--------+--------+-----+--------+

Top non-repeatable levels by time:
     D:1: 1319 daAuts
     D:2: 215 daAuts
